 Dungeon Crawl Stone Soup version 0.26.0-15-gc6cd9f700b (webtiles) character file.

Game seed: 10674697842524090461

19161 hawla the Destroyer (level 12, -7/204 HPs)
             Began as a Red Draconian Conjurer on Jan 15, 2021.
             Was an Initiate of Gozag.
             Mangled by a cane toad (9 damage)
             ... on level 2 of the Lair of Beasts on Jan 16, 2021.
             The game lasted 00:56:49 (18938 turns).

hawla the Destroyer (Red Draconian Conjurer)       Turns: 18938, Time: 00:56:50

Health: -7/204     AC: 26    Str:  9    XL:     12   Next: 34%
Magic:  3/26       EV:  2    Int: 24    God:    Gozag
Gold:   1414       SH:  0    Dex: 12    Spells: 6/32 levels left

rFire    . . .     SeeInvis +   a - +1 whip
rCold    + . .     Faith    .   (no shield)
rNeg     + + +     Spirit   .   (armour unavailable)
rPois    +         Reflect  .   (helmet currently unavailable)
rElec    .         Harm     .   (cloak currently unavailable)
rCorr    .         Rampage  .   (gloves currently unavailable)
Will     .....     NoTele   +   (boots currently unavailable)
Stlth    ..........             (no amulet)
HPRegen  0.44/turn              f - ring of see invisible
MPRegen  0.20/turn              t - ring of protection from cold

@: berserking, tree-form, attractive, very slightly contaminated, invisible,
very quick
A: (breathe fire), unfitting armour, agile 1, AC +8
a: Renounce Religion, Potion Petition, Call Merchant, Bribe Branch


You were on level 2 of the Lair of Beasts.
You worshipped Gozag.
Gozag was most pleased with you.
You were a tree.
You visited 3 branches of the dungeon, and saw 15 of its levels.

You collected 3262 gold pieces.
You spent 1820 gold pieces at shops.
You paid 28 gold pieces to Gozag.

Inventory:

Hand Weapons
 a - a +1 whip (weapon)
Missiles
 b - 10 javelins
 d - 16 boomerangs (quivered)
 i - 2 throwing nets
 o - 8 curare-tipped darts
 w - 35 poisoned darts
Armour
 s - the +4 pair of gloves of Ovurghoi (melded) {rElec}
   (You acquired it on level 8 of the Dungeon)

   It insulates you from electricity.
 E - the +0 cloak of Divine Intervention (melded) {rF+ rN++ rCorr Str+2}
   (You found it on level 7 of the Dungeon)

   It affects your strength (+2).
   It protects you from fire.
   It greatly protects you from negative energy.
   It provides partial protection from all sources of acid and corrosion.
 O - a +0 kite shield
Jewellery
 c - the ring "Wauxagh" {rC+ EV+4 Str+2 Int+3, unknown}
   (You found it on level 2 of the Lair of Beasts)

   [ring of evasion]

   It affects your evasion (+4).
   It affects your strength (+2).
   It affects your intelligence (+3).
   It protects you from cold.
 f - a ring of see invisible (left branch)
 g - an uncursed ring of protection from cold
 q - an uncursed amulet of guardian spirit
 t - a ring of protection from cold (right branch)
 G - an uncursed ring of willpower {unknown}
Wands
 j - a wand of flame (58)
 m - a wand of paralysis (5)
 v - a wand of acid (2)
 A - a wand of polymorph (10)
 M - a wand of iceblast (21)
Scrolls
 p - 5 scrolls of remove curse
 r - 2 scrolls of blinking
 u - 3 scrolls of teleportation
 y - 2 scrolls of fog
 B - 2 scrolls of amnesia
 C - 2 scrolls of fear
 H - a scroll of random uselessness {unknown}
 L - a scroll of torment {unknown}
 N - 3 scrolls of magic mapping
Potions
 e - 5 potions of curing
 h - 2 potions of berserk rage
 k - 5 potions of haste
 l - 5 potions of flight
 n - 3 potions of ambrosia
 x - a potion of lignification
 z - a potion of resistance
 D - a potion of might
 F - a potion of attraction
 I - 3 potions of brilliance
 J - a potion of cancellation


   Skills:
 - Level 4.0 Fighting
 - Level 4.0 Dodging
 - Level 4.0 Stealth
 + Level 3.6 Shields
 + Level 10.6 Spellcasting
 + Level 11.1 Conjurations
 - Level 8.8 Translocations
 + Level 7.0 Fire Magic
 - Level 4.0 Evocations


You had 6 spell levels left.
You knew the following spells:

 Your Spells              Type           Power        Failure   Level
a - Magic Dart            Conj           100%         1%          1
b - Searing Ray           Conj           100%         1%          2
c - Iskenderun's Mystic   Conj/Tloc      57%          1%          4
d - Fireball              Conj/Fire      27%          3%          5
e - Starburst             Conj/Fire      27%          19%         6
f - Ignition              Fire           23%          100%        8

Your spell library contained the following spells:

 Spells                   Type           Power        Failure   Level
 Dazzling Flash           Conj/Hex       78%          1%          3
 Gell's Gravitas          Tloc           26%          1%          3
 Beastly Appendage        Tmut           24%          4%          1
 Freeze                   Ice            48%          4%          1
 Fulminant Prism          Conj/Hex       19%          4%          4
 Hailstorm                Conj/Ice       39%          4%          4
 Ignite Poison            Fire/Tmut/Pois 23%          6%          3
 Wereblood                Tmut           12%          8%          2
 Confusing Touch          Hex            12%          16%         3
 Frozen Ramparts          Ice            24%          16%         3
 Ozocubu's Armour         Ice            12%          16%         3
 Spider Form              Tmut/Pois      6%           16%         3
 Ice Form                 Ice/Tmut       12%          45%         4
 Petrify                  Tmut/Erth      12%          45%         4
 Summon Ice Beast         Ice/Summ       12%          45%         4
 Blade Hands              Tmut           6%           80%         5
 Metabolic Englaciation   Hex/Ice        6%           80%         5
 Yara's Violent Unravell  Hex/Tmut       6%           80%         5


Dungeon Overview and Level Annotations

Branches:
Dungeon (11/15)            Temple (1/1) D:4            Lair (3/6) D:9
    Orc (0/2) D:9
  Swamp: Lair:2-4    Shoals: Lair:2-4     Snake: Lair:2-4    Spider: Lair:2-4

Altars:
Ashenzari
Cheibriados
Gozag
Qazlal
Uskayaw
Lugonu

Shops:
D:10 !*

Portals:
Abyss: Lair:1


Innate Abilities, Weirdness & Mutations

((You can breathe blasts of fire.))
((Your fiery red scales are hard. (AC +8)))
You cannot fit into any form of body armour.
((Your flesh is heat resistant. (rF+)))
((You are cold-blooded and may be slowed by cold attacks.))
((Your large and strong wings let you fly indefinitely.))
((You have sharp toenails.))
You are agile. (Dex +2)


Message History

The boulder beetle bites you but does no damage.
The yak barely misses you.
You hit the boulder beetle.
The boulder beetle is heavily wounded.
The cane toad stings you.
* * * LOW HITPOINT WARNING * * *
The boulder beetle completely misses you.
You catch the helpless boulder beetle completely off-guard!
You hit the boulder beetle but do no damage.
The boulder beetle is heavily wounded.
The cane toad barely misses you.
You hit the boulder beetle but do no damage.
The boulder beetle is heavily wounded.
The yak gores you but does no damage. The cane toad stings you.
* * * LOW HITPOINT WARNING * * *
You whack the boulder beetle!
The boulder beetle is heavily wounded.
The cane toad stings you!
You die...
Your body crumbles into a pile of gold.

#.P.####.###.#.....>...#
.........$..............
........................
.............(..........
......$.$...$?........$.
..........[.............
........................
......FY................
......B♣................
##P########......$.#.###
## ........## ...(...
....... .......


You could see a boulder beetle, a yak and a cane toad (corroded).

Vanquished Creatures
  3 hydras
  A catoblepas (Lair:2)
  2 two-headed ogres
  2 ugly things
  3 elephants (Lair:2)
  A gargoyle (D:11)
  4 cane toads
  Maggie (D:9)
  3 komodo dragons
  2 trolls
  7 blink frogs
  A wyvern (Lair:2)
  A vampire (D:11)
  12 yaks
  A basilisk (Lair:1)
  Edmund (D:4)
  A swamp worm (Lair:2)
  An acid dragon (D:11)
  6 water moccasins
  6 sky beasts
  4 black bears
  4 orc warriors
  2 ice beasts
  6 ogres
  3 phantoms
  3 centaurs
  12 bullfrogs
  2 big kobolds (D:7)
  6 scorpions
  A water moccasin skeleton (D:5)
  3 wights (D:8)
  5 howler monkeys
  2 quasits
  2 bullfrog zombies
  2 jellies (D:8)
  13 orc priests
  6 hounds
  A centaur skeleton (D:9)
  A bullfrog skeleton (D:10)
  A gnoll shaman (D:4)
  19 orc wizards
  Ijyb (D:4)
  An iguana (D:10)
  6 worker ants
  5 hound skeletons
  Robin (D:2)
  9 gnolls
  7 adders
  A shadow imp (D:10)
  An ufetubus (D:5)
  2 oozes
  An adder zombie (D:5)
  2 adder skeletons
  2 worms
  A dart slug (D:2)
  6 leopard geckos
  78 orcs
  7 giant cockroaches
  18 goblins
  7 hobgoblins
  11 jackals
  3 quokkas
  6 ball pythons
  2 bats (D:1)
  2 frilled lizards
  11 kobolds
  11 rats
359 creatures vanquished.

Vanquished Creatures (others)
  14 fungi
  A lurking horror (Lair:1)
  23 plants
38 creatures vanquished.

Grand Total: 397 creatures vanquished

Notes
Turn   | Place    | Note
-------+----------+-------------------------------------------
     0 | D:1      | hawla the Draconian Conjurer began the quest for the Orb.
     0 | D:1      | Reached XP level 1. HP: 14/14 MP: 3/3
   541 | D:1      | Reached XP level 2. HP: 22/22 MP: 0/5
   599 | D:1      | Learned a level 2 spell: Searing Ray
   603 | D:1      | Reached skill level 1 in Fighting
  1206 | D:2      | Found a snail-covered altar of Cheibriados.
  1353 | D:2      | Noticed Robin
  1426 | D:3      | Reached XP level 3. HP: 28/28 MP: 0/7
  1878 | D:2      | Found an opulent altar of Gozag.
  1929 | D:2      | Became a worshipper of Gozag Ym Sagoz the Greedy
  2149 | D:2      | Killed Robin
  2150 | D:2      | Reached XP level 4. HP: 31/35 MP: 5/9
  2155 | D:2      | Learned a level 4 spell: Iskenderun's Mystic Blast
  2736 | D:3      | Noticed a phantom
  2749 | D:3      | Killed a phantom
  2750 | D:3      | Reached skill level 1 in Translocations
  2750 | D:3      | Reached skill level 1 in Evocations
  2750 | D:3      | Reached XP level 5. HP: 39/40 MP: 1/11
  4054 | D:4      | Gained mutation: You are agile. (Dex +2) [potion of
                  | mutation]
  4054 | D:4      | Gained mutation: You have sharp toenails. [potion of
                  | mutation]
  4054 | D:4      | Gained mutation: Your large and strong wings let you fly
                  | indefinitely. [potion of mutation]
  4094 | D:4      | Found a staircase to the Ecumenical Temple.
  4101 | Temple   | Entered the Ecumenical Temple
  4251 | D:4      | Reached XP level 6. HP: 47/47 MP: 7/12
  4554 | D:4      | Noticed Ijyb
  4559 | D:4      | Killed Ijyb
  4560 | D:4      | Reached skill level 5 in Conjurations
  4708 | D:4      | Noticed Edmund
  4741 | D:4      | Killed Edmund
  4742 | D:4      | Your scales start taking on a fiery red colour.
  4742 | D:4      | Reached XP level 7. HP: 52/52 MP: 2/14
  4742 | D:4      | Gained mutation: Your flesh is heat resistant. (rF+) [Red
                  | Draconian growth]
  4884 | D:4      | Reached skill level 5 in Spellcasting
  5598 | D:5      | Entered Level 5 of the Dungeon
  6141 | D:5      | Reached XP level 8. HP: 61/61 MP: 0/16
  6358 | D:5      | Reached skill level 6 in Conjurations
  6680 | D:5      | Reached skill level 5 in Translocations
  6997 | D:6      | Found a stormy altar of Qazlal.
  7051 | D:6      | Found a hide-covered altar of Uskayaw.
  8224 | D:7      | Reached skill level 7 in Conjurations
  8224 | D:7      | Reached XP level 9. HP: 67/69 MP: 7/18
  8364 | D:7      | Found a broken altar of Ashenzari.
  8871 | D:7      | Got a smoking cloak
  8877 | D:7      | Identified the +0 cloak of Divine Intervention {rF+ rN++
                  | rCorr Str+2} (You found it on level 7 of the Dungeon)
  8974 | D:8      | Identified a scroll of acquirement
  8974 | D:8      | Acquired the +4 pair of gloves of Ovurghoi {rElec}
  9764 | D:8      | Reached skill level 8 in Conjurations
 10619 | D:9      | Noticed a two-headed ogre
 10728 | D:9      | Noticed a green ugly thing
 10744 | D:9      | Killed a green ugly thing
 10745 | D:9      | Reached XP level 10. HP: 58/77 MP: 0/22
 11009 | D:9      | Killed a two-headed ogre
 11278 | D:9      | Reached skill level 9 in Conjurations
 11489 | D:9      | Noticed Maggie
 11782 | D:9      | Found a staircase to the Orcish Mines.
 12285 | D:9      | Killed Maggie
 12525 | D:9      | Found a staircase to the Lair.
 12758 | D:10     | Entered Level 10 of the Dungeon
 12971 | D:10     | Found Lelytak's Distillery.
 12979 | D:10     | Bought a potion of curing for 45 gold pieces
 12979 | D:10     | Bought 2 potions of brilliance for 120 gold pieces
 12979 | D:10     | Bought a potion of ambrosia for 120 gold pieces
 12979 | D:10     | Bought a potion of cancellation for 120 gold pieces
 12979 | D:10     | Bought a potion of invisibility for 120 gold pieces
 12979 | D:10     | Bought a potion of curing for 45 gold pieces
 12979 | D:10     | Bought a potion of haste for 150 gold pieces
 12979 | D:10     | Bought a potion of curing for 45 gold pieces
 12979 | D:10     | Bought a potion of lignification for 45 gold pieces
 13488 | D:10     | Found Waibb's Mayhem Merchandise.
 13496 | D:10     | Bought a wand of iceblast (4) for 80 gold pieces
 13496 | D:10     | Bought a wand of iceblast (11) for 150 gold pieces
 13496 | D:10     | Bought a book of Fire for 650 gold pieces
 13496 | D:10     | Bought a wand of iceblast (9) for 130 gold pieces
 13502 | D:10     | Learned a level 5 spell: Fireball
 13988 | D:11     | Noticed a gargoyle
 13998 | D:11     | Killed a gargoyle
 13999 | D:11     | Reached skill level 1 in Fire Magic
 14124 | D:11     | Learned a level 6 spell: Starburst
 14133 | D:11     | Learned a level 8 spell: Ignition
 14230 | D:11     | Noticed a boulder beetle
 14269 | D:11     | Reached XP level 11. HP: 83/83 MP: 16/24
 14681 | D:11     | Noticed a two-headed ogre
 14696 | D:11     | Killed a two-headed ogre
 14698 | D:11     | Noticed a purple ugly thing
 14705 | D:11     | Killed a purple ugly thing
 15858 | Lair:1   | Entered Level 1 of the Lair of Beasts
 15905 | Lair:1   | Noticed a four-headed hydra
 15912 | Lair:1   | Killed a four-headed hydra
 15913 | Lair:1   | Reached skill level 1 in Shields
 15913 | Lair:1   | Reached skill level 10 in Conjurations
 16455 | Lair:2   | Noticed a four-headed hydra
 16461 | Lair:2   | Killed a four-headed hydra
 16462 | Lair:2   | Reached skill level 10 in Spellcasting
 16462 | Lair:2   | Reached skill level 5 in Fire Magic
 17471 | Lair:1   | Found a corrupted altar of Lugonu.
 17473 | Lair:1   | Found a one-way gate to the infinite horrors of the Abyss.
 17608 | Lair:2   | Reached XP level 12. HP: 91/91 MP: 5/26
 17608 | Lair:2   | Noticed an eight-headed hydra
 17739 | Lair:2   | Killed an eight-headed hydra
 18301 | Lair:2   | Reached skill level 11 in Conjurations
 18435 | Lair:2   | Got a glittering platinum ring
 18878 | Lair:2   | Noticed a catoblepas
 18896 | Lair:2   | Killed a catoblepas
 18924 | Lair:2   | Noticed a boulder beetle
 18932 | Lair:2   | HP: 9/204 [cane toad (5)]
 18933 | Lair:2   | HP: 4/204 [cane toad (5)]
 18938 | Lair:2   | Mangled by a cane toad

Illustrated notes

Levels and vault maps discovered:
D:1:      evilmike_arrival_rings, layout_loops_ring, item_on_display_a
D:2:      layout_loops_cross, grunt_gozag_statues, overflow_temple_1_default,
          uniq_robin
D:3:      layout_basic
D:4:      layout_gridville, minmay_temple_entry_hall,
          chequers_serial_rivers_small_a, uniq_ijyb, uniq_edmund
D:5:      layout_loops_ring
D:6:      kennysheep_spiral_hall, layout_loops_ring, kennysheep_mini_moat,
          basic_altar
D:7:      layout_basic, ashenzari_conservatory_becter
D:8:      layout_basic, minmay_stone_trees_medium
D:9:      layout_basic, grunt_lair_entry_orc_guard_hut, hiddenorc2_lemuel,
          uniq_maggie
D:10:     layout_irregular_city, serial_shops, shop, minmay_shop_mayhem
D:11:     layout_irregular_city, serial_co_window_serial, co_window_paths_a,
          co_window_paths_a, co_window_paths_a, co_window_of_opportunity_a,
          co_window_paths_a, co_window_corner_a, co_window_of_opportunity_b,
          co_window_paths_c, co_window_corner_b, co_window_unsneaky_path_a,
          co_window_broadway_a, co_window_corner_b, co_window_paths_e,
          glass_columns_a, glass_columns_b, glass_columns_b, glass_columns_c,
          kennysheep_generic_room_7
Temple:   dpeg_five_rooms_temple
Lair:1:   layout_small_grid, nicolae_quartered_pool_little,
          amcnicky_altar_lugonu_corruption, lemuel_fruit_tree,
          infiniplex_staircase_pool
Lair:2:   layout_big_grid, palyth_hydra_swamp_entry, basic_altar,
          serial_bayou_crossing
Lair:3:   layout_cave_pods, minmay_snake_entry_guardpost_small,
          grunt_megastairs_4

Skill      XL: |  1  2  3  4  5  6  7  8  9 10 11 12 |
---------------+-------------------------------------+-----
Stealth        | 2 3 4 |  4.0
Dodging        | 2 4 |  4.0
Fighting       | 1 2 3 4 |  4.0
Spellcasting   | 3 4 5 6 8 9 10 | 10.6
Translocations | 1 2 3 4 5 7 8 |  8.8
Evocations     | 1 2 3 4 |  4.0
Conjurations   | 5 7 8 9 10 11 | 11.1
Fire Magic     | 1 6 7 |  7.0
Shields        | 2 3 |  3.6

Action                   |  1- 3 |  4- 6 |  7- 9 | 10-12 || total
-------------------------+-------+-------+-------+-------++-------
Melee: Whip              |    23 |    63 |    30 |   113 ||   229
       Tailslap          |       |     4 |     1 |     7 ||    12
       Kick              |       |     1 |     8 |    20 ||    29
Throw: Boomerang         |     5 |     3 |     3 |       ||    11
 Cast: Magic Dart        |    57 |    63 |   135 |   149 ||   404
       Searing Ray       |     9 |    26 |    81 |   117 ||   233
       Iskenderun's Myst |       |     2 |    11 |    74 ||    87
       Fireball          |       |       |       |    14 ||    14
 Abil: Breathe Fire      |       |       |     1 |     2 ||     3
       Fly               |       |       |     1 |       ||     1
       Stop Flying       |       |       |     1 |       ||     1
Evoke: Wand              |     3 |     2 |       |    18 ||    23
  Use: Scroll            |     4 |    10 |     9 |    10 ||    33
       Potion            |     2 |     4 |     2 |    11 ||    19
 Stab: Distracted        |       |       |     1 |       ||     1
       Invisible         |       |       |       |     1 ||     1
Armor: Skin              |    23 |    55 |    34 |   176 ||   288
Dodge: Dodged            |    43 |    43 |    46 |   180 ||   312
